 Dungeon Crawl Stone Soup version 0.30-a0-726-gd89dcf765f (webtiles) character file.

Game seed: 1314526966576455846

646 timneilson the Shield-Bearer (level 7, -1/43 HPs)
             Began as a Gargoyle Fighter on Jan 29, 2023.
             Slain by an orc
             ... wielding a +0 dagger
              (2 damage)
             ... on level 5 of the Dungeon.
             The game lasted 00:07:16 (3358 turns).

timneilson the Shield-Bearer (Gargoyle Fighter)     Turns: 3358, Time: 00:07:17

Health: -1/43      AC: 13    Str: 22    XL:     7   Next: 52%
Magic:  7/7        EV: 10    Int:  3    God:
Gold:   192        SH:  5    Dex: 11    Spells: 6/6 levels left

rFire   . . .      SeeInvis .    o - +1 long sword "Jofostub" {heavy, rPois rC+ Int-5 Dex+2}
rCold   + . .      Faith    .    c - +0 buckler
rNeg    + . .      Spirit   .    b - +0 scale mail
rPois   ∞          Reflect  .    p - +0 hat
rElec   +          Harm     .    (no cloak)
rCorr   .          Rampage  .    (no gloves)
Will    .....                    l - +0 pair of boots Stlth
                                 (no amulet)
HPRegen 0.27/turn                r - +4 ring of slaying
MPRegen 0.10/turn                (no ring)

@: no status effects
A: sickness immunity, AC +4, negative energy resistance 1, electricity
resistance, torment resistance 1, petrification resistance
a: no special abilities


You were on level 5 of the Dungeon.
You visited 2 branches of the dungeon, and saw 6 of its levels.

You collected 192 gold pieces.

Inventory:

Hand Weapons
 a - a +0 long sword
 o - the +1 long sword "Jofostub" (weapon) {heavy, rPois rC+ Int-5 Dex+2}
   (You found it on level 3 of the Dungeon)

   Int:       It affects your intelligence (-5).
   Dex:       It affects your dexterity (+2).
   rC:        It protects you from cold.
   rPois:     It protects you from poison.
Armour
 b - a +0 scale mail (worn)
 c - a +0 buckler (worn)
 l - a +0 pair of boots (worn)
 p - a +0 hat (worn)
Jewellery
 r - a +4 ring of slaying (left hand)
Scrolls
 h - a scroll of blinking
 j - 4 scrolls of teleportation
 n - 2 scrolls of poison
Potions
 d - 2 potions of resistance
 e - a potion of lignification
 f - a potion of invisibility
 g - 2 potions of magic
 i - a potion of degeneration {unknown}
 k - 2 potions of heal wounds
 m - a potion of flight {unknown}
 q - a potion of attraction {unknown}


   Skills:
 + Level 4.3 Fighting
 * Level 4.0 Long Blades
 * Level 5.4 Armour
 + Level 1.9 Dodging
 * Level 5.5 Shields


You had 6 spell levels left.
You didn't know any spells.
Your spell library was empty.

Dungeon Overview and Level Annotations

Branches:
Dungeon (5/15)             Temple (1/1) D:5

Altars:
Ashenzari
Cheibriados
Dithmenos
Elyvilon
Hepliaklqana
Kikubaaqudgha
Makhleb
Qazlal
Trog
Uskayaw
Vehumet
Xom
Zin
Lugonu

Shops:
D:2 :

Annotations:
D:5 Prince Ribbit


Innate Abilities, Weirdness & Mutations

You are immune to sickness and miasma.
Your stone body is resilient. (AC +4)
You are immune to poison.
You resist negative energy. (rN+)
You are resistant to electric shocks. (rElec)
You are resistant to unholy torment.
You are immune to petrification.


Message History

* * * LOW HITPOINT WARNING * * *
The orc barely misses you. Something hits you but does no damage.
The orc closely misses you. The orc hits you but does no damage.
You bump into the rock wall.
Prince Ribbit closely misses you.
The orc closely misses you. x2; The orc barely misses you.
You slash the orc!
You kill the orc!
Prince Ribbit hops awkwardly around.
Prince Ribbit hits you.
* * * LOW HITPOINT WARNING * * *
Prince Ribbit blinks!
Something hits you but does no damage. The orc hits you but does no damage.
The orc completely misses you. The orc barely misses you.
The orc hits you but does no damage. The orc closely misses you.
Something hits you.
* * * LOW HITPOINT WARNING * * *
The orc closely misses you. x2
Your Long Blades skill increases to level 4!
Unknown command.
The orc attacks as you move away! The orc hits you with a +0 dagger.
* * * LOW HITPOINT WARNING * * *
You feel less confused. The orc hits you with a +0 short sword.
* * * LOW HITPOINT WARNING * * *
The orc hits you but does no damage. You block the orc's attack.
Something hits you but does no damage.
You closely miss something.
Prince Ribbit blinks!
The orc hits you but does no damage.
You hear some strange, mumbled words.
Something tries to affect you, but you resist.
You block the orc's attack. The orc hits you but does no damage.
You block the orc's attack.
Prince Ribbit lets out a mournful croak.
You hit something. The orc hits you but does no damage.
Something hits you but does no damage. The orc closely misses you.
The orc hits you with a +0 short sword.
* * * LOW HITPOINT WARNING * * *
The orc hits you but does no damage. x3; You block the orc's attack.
Something hits you but does no damage. The orc misses you.
You closely miss something. The orc hits you with a +0 dagger.
You die...

#.................###
..#.........#.......
####.##.##.###...)#
#.#.....###....#
#.#............#
#..#.#....#######.
#..#.##........... #.
#. #...o)#### # #.
#...@o#### #.
#..oo{F..# #.
#...#.##.# #...#.# ..
#...... .# #.......
.. #........ .
+.....<..# .......


You could see Prince Ribbit and 4 orcs.

Vanquished Creatures
  Sigmund (D:2)
  An ogre (D:4)
  A scorpion (D:3)
  A necrophage (D:5)
  A hound (D:4)
  An iguana (D:4)
  Jessica (D:2)
  An orc wizard (D:3)
  9 adders
  A shadow imp (D:5)
  An ufetubus (D:5)
  2 dart slugs
  5 orcs
  A bat (D:3)
  13 endoplasms
  3 giant cockroaches
  5 goblins
  7 hobgoblins
  2 jackals (D:1)
  6 kobolds
  3 quokkas
  7 ball pythons
  5 frilled lizards
  3 rats
81 creatures vanquished.

Vanquished Creatures (others)
  A plant (D:1)
1 creature vanquished.

Grand Total: 82 creatures vanquished

Notes
Turn   | Place    | Note
-------+----------+-------------------------------------------
     0 | D:1      | timneilson the Gargoyle Fighter began the quest for the
                  | Orb.
     0 | D:1      | Reached XP level 1. HP: 14/14 MP: 1/1
    62 | D:1      | Reached XP level 2. HP: 14/19 MP: 2/2
   552 | D:1      | Reached XP level 3. HP: 23/23 MP: 3/3
  1096 | D:2      | Found a faded altar of an unknown god.
  1241 | D:2      | Reached XP level 4. HP: 26/28 MP: 4/4
  1339 | D:2      | Found Pynukluk's Book Emporium.
  1342 | D:2      | Noticed Sigmund
  1359 | D:2      | Killed Sigmund
  1360 | D:2      | Reached skill level 1 in Dodging
  1360 | D:2      | Reached XP level 5. HP: 20/33 MP: 5/5
  1360 | D:2      | Reached XP level 6. HP: 23/38 MP: 6/6
  1463 | D:2      | Noticed Jessica
  1471 | D:2      | Killed Jessica
  1909 | D:3      | Found a shadowy altar of Dithmenos.
  1910 | D:3      | Found a glowing silver altar of Zin.
  1945 | D:3      | Found a shimmering altar of Xom.
  2244 | D:3      | Reached skill level 5 in Shields
  2359 | D:3      | Reached skill level 5 in Armour
  2407 | D:3      | Identified the +1 long sword "Jofostub" {heavy, rPois rC+
                  | Int-5 Dex+2}
  2595 | D:4      | Reached XP level 7. HP: 19/43 MP: 7/7
  2805 | D:4      | Found a stormy altar of Qazlal.
  3253 | D:5      | Entered Level 5 of the Dungeon
  3263 | D:5      | Found a staircase to the Ecumenical Temple.
  3280 | Temple   | Entered the Ecumenical Temple
  3342 | D:5      | Noticed Prince Ribbit
  3355 | D:5      | HP: 2/43 [orc/+0 short sword (1)]
  3358 | D:5      | Slain by an orc

Illustrated notes

Levels and vault maps discovered:
D:1:      wander_arrival_fairy_ring, layout_basic
D:2:      layout_basic, shapermc_ecumenical_altar_mp_ritualfount, serial_shops,
          shop, uniq_jessica, uniq_sigmund
D:3:      layout_basic, mainiacjoe_overflow_paths,
          mainiacjoe_overflow_divided_tiny, kennysheep_small_spiral,
          minmay_misc_feat_iff
D:4:      layout_cave_pools, lemuel_coloured_pillars_altar
D:5:      layout_basic, mainiacjoe_overflow_alcove_2, nemelex_altar_shiori,
          lemuel_round_altar, minmay_temple_entry_large_hall,
          gup_sewer_entry_spiral, nicolae_shop_vocational, uniq_prince_ribbit1,
          uniq_eustachio
Temple:   corrupted_temple

Skill      XL: |  1  2  3  4  5  6  7 |
---------------+----------------------+-----
Long Blades    | 2 3 4 |  4.0
Shields        | 4 5 |  5.5
Armour         | 4 5 |  5.4
Dodging        | 1 |  1.9
Fighting       | 4 |  4.3

Action                     |  1- 3 |  4- 6 |  7- 9 || total
---------------------------+-------+-------+-------++-------
  Melee: Long sword        |   145 |   188 |    43 ||   376
    Use: Scroll            |     3 |     4 |     1 ||     8
         Potion            |       |     1 |       ||     1
 Armour: Scale mail        |    99 |   144 |    48 ||   291
  Dodge: Dodged            |    84 |   137 |    37 ||   258
  Block: Buckler           |    34 |    48 |    11 ||    93

Table legend: (Time is in decaauts)
 A = Elapsed time spent in this place.
 B = Non-inter-level travel time spent in this place.
 C = Inter-level travel time spent in this place.
 D = Time resting spent in this place.
 E = Time spent auto-exploring this place.
 F = Levels seen in this place.
 G = Mean time per level.
                   A        B        C        D        E       F      G
               +--------+--------+--------+--------+--------+-----+--------+
         Total |   3507 |   3381 |    126 |     10 |   2416 |   6 |  584.5 |
       Dungeon |   3461 |   3351 |    110 |     10 |   2416 |   5 |  692.2 |
        Temple |     45 |     29 |     16 |      0 |      0 |   1 |   45.0 |
               +--------+--------+--------+--------+--------+-----+--------+

Top non-repeatable levels by time:
     D:2: 1015 daAuts
     D:1: 897 daAuts
     D:3: 770 daAuts
     D:4: 709 daAuts
     D:5: 68 daAuts
  Temple: 45 daAuts
